 Dungeon Crawl Stone Soup version 0.29.1-12-g30fa7ad0bf (webtiles) character file.

Game seed: 3031597503358711301

3366 DemonSlayer the Geomancer (level 9, -3/61 HPs)
             Began as a Demonspawn Earth Elementalist on Dec 27, 2022.
             Slain by an orc warrior
             ... wielding a +0 battleaxe
              (11 damage)
             ... on level 8 of the Dungeon.
             The game lasted 00:22:45 (7879 turns).

DemonSlayer the Geomancer (DsEE)                    Turns: 7879, Time: 00:22:48

Health: -3/61      AC: 11    Str: 10    XL:     9   Next: 73%
Magic:  19/21      EV: 12    Int: 20    God:
Gold:   232        SH:  5    Dex: 13    Spells: 6/24 levels left

rFire   + . .      SeeInvis .   A - +2 war axe (flame)
rCold   + . .      Faith    .   (no shield)
rNeg    . . .      Spirit   .   v - +0 leather armour
rPois   .          Reflect  +   G - +0 helmet
rElec   .          Harm     .   g - scarf {rC+ rF+}
rCorr   .          Rampage  .   (no gloves)
Will    .....                   (no boots)
Stlth   ++........              n - amulet of reflection
HPRegen 0.20/turn               c - +4 ring of protection
MPRegen 0.17/turn               f - +4 ring of slaying

@: no status effects
A: spiny 1, sharp scales 3, demonic magic 2
a: no special abilities


You were on level 8 of the Dungeon.
You visited 2 branches of the dungeon, and saw 9 of its levels.

You collected 382 gold pieces.
You spent 150 gold pieces at shops.

Inventory:

Hand Weapons
 x - a +2 dagger of venom
 A - a +2 war axe of flaming (weapon)
Missiles
 p - 2 throwing nets
Armour
 g - a scarf of resistance (worn)
 v - a +0 leather armour (worn)
 y - a +2 plate armour of fire resistance
 G - a +0 helmet (worn)
Jewellery
 c - a +4 ring of protection (left hand)
 f - a +4 ring of slaying (right hand)
 n - an amulet of reflection (around neck)
Wands
 F - a wand of mindburst (21)
 H - a wand of flame (14)
Scrolls
 a - 2 scrolls of summoning {unknown}
 b - 5 scrolls of teleportation
 d - 2 scrolls of enchant armour {unknown}
 e - 3 scrolls of vulnerability {unknown}
 i - 5 scrolls of immolation
 j - 2 scrolls of poison {unknown}
 l - a scroll of magic mapping {unknown}
 m - 2 scrolls of fear
 E - 2 scrolls of identify
 I - a scroll of blinking {unknown}
Potions
 h - a potion of ambrosia {unknown}
 k - 2 potions of might {unknown}
 o - a potion of mutation {unknown}
 q - a potion of cancellation
 r - a potion of berserk rage
 s - 2 potions of heal wounds {unknown}
 t - a potion of haste {unknown}
 u - 3 potions of curing
 w - a potion of resistance {unknown}
 z - a potion of lignification {unknown}
 B - a potion of flight {unknown}
 C - a potion of magic
 D - 2 potions of brilliance {unknown}


   Skills:
 + Level 2.2 Fighting
 + Level 1.0 Short Blades
 + Level 1.7 Axes
 + Level 2.3 Armour
 + Level 2.3 Dodging
 + Level 4.0 Stealth
 + Level 1.0 Shields
 + Level 8.0 Spellcasting
 + Level 0.8 Transmutations
 + Level 8.6 Earth Magic


You had 6 spell levels left.
You knew the following spells:

 Your Spells              Type           Power      Damage    Failure   Level
a - Sandblast             Erth           84%        2d18      1%          1
b - Passwall              Tmut/Erth      22%        N/A       2%          2
c - Stone Arrow           Conj/Erth      50%        3d10      6%          3
d - Summon Guardian Gole  Hex/Summ       8%         N/A       32%         3
e - Ignite Poison         Fire/Tmut/Pois 9%         N/A       30%         3
f - Tukima's Dance        Hex            8%         N/A       32%         3
g - Teleport Other        Tloc           8%         N/A       32%         3

Your spell library contained the following spells:

 Spells                   Type           Power      Damage    Failure   Level
 Beastly Appendage        Tmut           22%        N/A       8%          1
 Foxfire                  Conj/Fire      32%        2x1d5     11%         1
 Summon Small Mammal      Summ           32%        N/A       11%         1
 Wereblood                Tmut           11%        N/A       12%         2
 Petrify                  Tmut/Erth      27%        N/A       16%         4
 Sublimation of Blood     Necr           8%         N/A       17%         2
 Spider Form              Tmut/Pois      9%         N/A       28%         3
 Call Canine Familiar     Summ           8%         N/A       32%         3
 Conjure Flame            Conj/Fire      8%         6-21      32%         3
 Gell's Gravitas          Tloc           8%         N/A       32%         3
 Lesser Beckoning         Tloc           8%         N/A       32%         3
 Airstrike                Air            4%         2d(1-17)  73%         4
 Passage of Golubria      Tloc           8%         N/A       73%         4
 Yara's Violent Unravell  Hex/Tmut       4%         3d4       95%         5
 Fireball                 Conj/Fire      4%         3d4       97%         5
 Iskenderun's Battlesphe  Conj           8%         2d6       97%         5
 Conjure Ball Lightning   Conj/Air       4%         3x3d6     100%        6
 Orb of Destruction       Conj           4%         9d5       100%        7
 Summon Hydra             Summ           4%         N/A       100%        7


Dungeon Overview and Level Annotations

Branches:
Dungeon (8/15)             Temple (1/1) D:7
   Lair: D:8-11

Altars:
Ashenzari
Cheibriados
Dithmenos
Fedhas
Gozag
Hepliaklqana
Kikubaaqudgha
Makhleb
Nemelex Xobeh
Okawaru
Qazlal
Sif Muna
Trog
Uskayaw
Vehumet
Wu Jian
Xom
Yredelemnul

Shops:
D:1 !   D:3 *


Innate Abilities, Weirdness & Mutations

You are partially covered in sharp spines.
You are completely covered in razor-sharp scales. (AC +3, Slay +3)
Spells you cast may paralyse nearby enemies.


Message History

The ice beast suddenly stops moving!
The helpless ice beast fails to defend itself.
You hit the ice beast but do no damage.
You punch the ice beast, but do no damage.
The ice beast is almost dead.
The helpless ice beast fails to defend itself.
You slash the ice beast!
You melt the ice beast.
You kill the ice beast!
The blast of sand hits the orc warrior but does no damage.
Malevolent energies surge around you.
The orc warrior suddenly stops moving!
A white imp comes into view.
The helpless orc warrior fails to defend itself.
You hit the orc warrior. You burn the orc warrior.
The orc warrior is lightly wounded.
The white imp shouts, "Begone, thou foisting weevil-witted flax-wench!"
The helpless orc warrior fails to defend itself.
You hit the orc warrior but do no damage.
The orc warrior is lightly wounded.
The orc warrior is no longer paralysed.
The orc warrior hits you with a +0 battleaxe!!
The orc warrior hits you with a +0 battleaxe!
The blast of sand hits the orc warrior!
The orc warrior is heavily wounded.
Malevolent energies surge around you.
The orc warrior hits you with a +0 battleaxe!
* * * LOW HITPOINT WARNING * * *
Casting: Sandblast (safe; 1% risk of failure)
Confirm with . or Enter, or press ? or * to list all spells.
Aiming: Sandblast (safe; 1% risk of failure)
Press: ? - help, Shift-Dir - straight line, f/p - orc warrior
Aim: an orc warrior, wielding a +0 battleaxe and wearing a +0 chain mail (heavily wounded, 83% to hit)
The blast of sand hits the orc warrior but does no damage.
The orc warrior is heavily wounded.
Malevolent energies surge around you.
The orc warrior is struck by your spines.
The orc warrior hits you with a +0 battleaxe!
* * * LOW HITPOINT WARNING * * *
The orc warrior is struck by your spines.
The orc warrior hits you with a +0 battleaxe!
You die...

##....# #.######.# #..
##.#.####..#.....#############
#.#..........................
#.#.#########################
#####.#..#########
......#.#.........
#######.#.########
#.##...)..## #..#######@# #..
#...5o## ... #.#### ##


You could see an orc warrior and a white imp.

Vanquished Creatures
  3 yaks (D:6)
  Grum (D:8)
  2 water moccasins (D:8)
  An ice beast (D:8)
  A black bear (D:7)
  3 ogres
  A sky beast (D:7)
  3 wolves (D:8)
  2 kobold brigands (D:6)
  A phantom (D:5)
  3 bullfrogs (D:7)
  A necrophage (D:5)
  5 wights (D:7)
  2 howler monkeys (D:5)
  7 hounds
  2 jellies
  4 orc priests
  A gnoll bouda (D:5)
  10 orc wizards
  An iguana (D:7)
  8 gnolls (D:5)
  6 adders
  2 white imps
  3 ufetubi
  2 worms
  5 dart slugs
  29 orcs
  4 ball pythons
  5 bats
  10 endoplasms
  A giant cockroach (D:1)
  8 goblins
  7 hobgoblins
  7 jackals
  7 quokkas
  4 frilled lizards
  31 kobolds
  5 rats
198 creatures vanquished.

Vanquished Creatures (others)
  27 plants (D:6)
27 creatures vanquished.

Grand Total: 225 creatures vanquished

Notes
Turn   | Place    | Note
-------+----------+-------------------------------------------
     0 | D:1      | DemonSlayer the Demonspawn Earth Elementalist began the
                  | quest for the Orb.
     0 | D:1      | Reached XP level 1. HP: 13/13 MP: 3/3
   579 | D:1      | Found Lidusome's Distillery.
   652 | D:1      | Gained mutation: Spells you cast may paralyse adjacent
                  | enemies. [demonic ancestry]
   652 | D:1      | Reached XP level 2. HP: 19/19 MP: 3/5
  1069 | D:1      | Learned a level 2 spell: Passwall
  1112 | D:2      | Gained mutation: You are partially covered in razor-sharp
                  | scales. (AC +1, Slay +1) [demonic ancestry]
  1112 | D:2      | Reached XP level 3. HP: 24/24 MP: 2/6
  1161 | D:2      | Got the Precepts of the Vapourous Volcanoes
  1856 | D:3      | Reached skill level 1 in Fighting
  1856 | D:3      | Gained mutation: Spells you cast may paralyse nearby
                  | enemies. [demonic ancestry]
  1856 | D:3      | Reached XP level 4. HP: 32/32 MP: 4/8
  2101 | D:3      | Found a faded altar of an unknown god.
  2200 | D:3      | Reached XP level 5. HP: 25/37 MP: 7/10
  2594 | D:3      | Found Gaegoasu's Assorted Antiques.
  2649 | D:3      | Bought a fizzy emerald potion for 23 gold pieces
  2649 | D:3      | Bought a scroll labelled RYMOHY QUITIBE for 26 gold pieces
  2649 | D:3      | Bought a scroll labelled EWUFIAWKOA for 26 gold pieces
  2649 | D:3      | Bought a scroll labelled RYUGU AKLA for 26 gold pieces
  2649 | D:3      | Bought a scroll labelled CUDDEOT FOUSK for 26 gold pieces
  2649 | D:3      | Bought a smoky green potion for 23 gold pieces
  2991 | D:3      | Learned a level 3 spell: Stone Arrow
  2995 | D:3      | Learned a level 3 spell: Summon Guardian Golem
  3358 | D:4      | Gained mutation: You are mostly covered in razor-sharp
                  | scales. (AC +2, Slay +2) [demonic ancestry]
  3358 | D:4      | Reached XP level 6. HP: 43/43 MP: 7/12
  3935 | D:5      | Entered Level 5 of the Dungeon
  3940 | D:5      | Learned a level 3 spell: Ignite Poison
  3948 | D:5      | Reached skill level 5 in Earth Magic
  4028 | D:5      | Gained mutation: You are partially covered in sharp spines.
                  | [demonic ancestry]
  4028 | D:5      | Reached XP level 7. HP: 48/48 MP: 12/14
  4122 | D:5      | Reached skill level 5 in Spellcasting
  4627 | D:5      | Found a bloodstained altar of Trog.
  4814 | D:5      | Gained mutation: You are completely covered in razor-sharp
                  | scales. (AC +3, Slay +3) [demonic ancestry]
  4814 | D:5      | Reached XP level 8. HP: 54/54 MP: 15/17
  4877 | D:5      | Learned a level 3 spell: Tukima's Dance
  4881 | D:5      | Learned a level 3 spell: Teleport Other
  5705 | D:6      | Reached skill level 1 in Short Blades
  6257 | D:7      | Reached XP level 9. HP: 55/60 MP: 14/19
  6270 | D:7      | Reached skill level 1 in Axes
  6270 | D:7      | Reached skill level 1 in Armour
  7131 | D:7      | Found a staircase to the Ecumenical Temple.
  7243 | Temple   | Entered the Ecumenical Temple
  7679 | D:8      | Noticed Grum
  7690 | D:8      | Killed Grum
  7694 | D:8      | Reached skill level 1 in Shields
  7879 | D:8      | Slain by an orc warrior

Illustrated notes

Levels and vault maps discovered:
D:1:      ncdulo_lavacross, layout_basic, serial_shops,
          nicolae_shop_behind_doors, minmay_circled_x
D:2:      layout_rooms, kennysheep_nub
D:3:      layout_basic, ebering_ecumenical_altar_webs, serial_shops, shop,
          grunt_ministairs_1, patterned_corridor
D:4:      layout_basic, minmay_a_box_with_orc_wizards_in_it
D:5:      layout_basic, trog_hazing_becter
D:6:      kennysheep_kobold_camp, layout_cave_pools, hellmonk_bongcloud_opening
D:7:      layout_cave_pools, minmay_temple_entry_hall
D:8:      minmay_the_grid_triangle_9x9_rhombus_full
          [minmay_the_grid_triangle_9x9_shrine,
          minmay_the_grid_triangle_9x9_dagger,
          minmay_the_grid_triangle_9x9_impossible_snake,
          minmay_the_grid_triangle_9x9_pentomino_pain,
          minmay_the_grid_triangle_9x9_wacky_v,
          minmay_the_grid_triangle_9x9_windchime,
          minmay_the_grid_triangle_9x9_zippers_vertical,
          minmay_the_grid_triangle_9x9_prize_special], layout_loops_ring,
          uniq_grum
Temple:   compressed_dpeg_triangle_lava_temple

Skill      XL: |  1  2  3  4  5  6  7  8  9 |
---------------+----------------------------+-----
Earth Magic    | 3 4 5 6 7 8 |  8.6
Dodging        | 2 |  2.3
Fighting       | 1 2 |  2.2
Spellcasting   | 3 4 6 7 8 |  8.0
Stealth        | 2 3 4 |  4.0
Short Blades   | 1 |  1.0
Axes           | 1 |  1.7
Armour         | 2 |  2.3
Shields        | 1 |  1.0
Transmutations | |  0.8

Action                   |  1- 3 |  4- 6 |  7- 9 || total
-------------------------+-------+-------+-------++-------
Melee: Unarmed           |     4 |       |       ||     4
       Short sword       |     2 |       |       ||     2
       Dagger            |       |    11 |    15 ||    26
       Punch             |       |     1 |     3 ||     4
       War axe           |       |       |    38 ||    38
 Cast: Sandblast         |    56 |   107 |   145 ||   308
  Use: Potion            |     1 |       |     1 ||     2
       Scroll            |       |    10 |     4 ||    14
 Stab: Paralysed         |       |     3 |    24 ||    27
       Sleeping          |       |       |     2 ||     2
Armor: Robe              |     6 |    14 |     5 ||    25
       Leather armour    |       |       |    15 ||    15
Dodge: Dodged            |    25 |    19 |    33 ||    77
Block: Other             |     1 |     5 |    12 ||    18
       Reflection        |       |       |     2 ||     2
